 Dungeon Crawl Stone Soup version 0.30.1-9-gdf580d7c3d (webtiles) character file.

Game seed: 3387726454013111861

17 lonewolfV2 the Scratcher (level 2, 0/12 HPs)
             Began as a Felid Transmuter on Oct 12, 2023.
             Slain by a jackal (2 damage)
             ... on level 1 of the Dungeon.
             The game lasted 00:00:42 (393 turns).

lonewolfV2 the Scratcher (Felid Transmuter)          Turns: 393, Time: 00:00:42

Health: 0/12       AC:  1    Str:  6    XL:     2   Next: 44%
Magic:  6/6        EV: 18    Int: 14    God:
Gold:   51         SH:  0    Dex: 16    Spells: 4/5 levels left
                                        Lives:  0   Deaths: 0

rFire   . .          .
                       - Unarmed
rCold   . . .        (shield unavailable)
rNeg    . . .        (body armour unavailable)
rPois   .            (helmet unavailable)
rElec   .            (cloak unavailable)
rCorr   .            (gloves unavailable)
SInv    +            (boots unavailable)
Will    .....        (no amulet)
Stlth   +            (no ring)
HPRegen 0.22/turn    (no ring)
MPRegen 0.10/turn

%: no passive effects
@: appendages (expiring), quick
A: horns 2, very small, claws 1, fangs 3, see invisible, speed 1, shaggy fur 1,
stealthy paws, no weapons or thrown items, no armour, multi-lived
a: End Transformation


You were on level 1 of the Dungeon.
You had temporarily grown beastly horns.
You visited 1 branch of the dungeon, and saw 1 of its levels.

You collected 51 gold pieces.

Inventory:

Scrolls
 c - a scroll of magic mapping {unknown}
 e - 2 scrolls of identify {unknown}
 f - 3 scrolls of teleportation {unknown}
Potions
 a - a potion of lignification
 b - 2 potions of curing {unknown}
 d - a potion of flight {unknown}
 g - a potion of might {unknown}


   Skills:
 + Level 1.0 Fighting
 + Level 3.3 Dodging
 + Level 3.3 Unarmed Combat
 + Level 2.2 Spellcasting
 + Level 2.2 Transmutations


You had 4 spell levels left.
You knew the following spells:

 Your Spells              Type           Power      Damage    Failure   Level
a - Beastly Appendage     Tmut           14%        N/A       10%         1

Your spell library contained the following spells:

 Spells                   Type           Power      Damage    Failure   Level
 Wereblood                Tmut           7%         N/A       14%         2
 Apportation              Tloc           2%         N/A       24%         1
 Necrotise                Necr           4%         1d4       24%         1
 Summon Small Mammal      Summ           4%         N/A       24%         1
 Spider Form              Tmut/Pois      4%         N/A       41%         3
 Ice Form                 Ice/Tmut       4%         N/A       82%         4


Dungeon Overview and Level Annotations

Branches:
Dungeon (1/15)

Altars:


Innate Abilities, Weirdness & Mutations

You have temporarily grown beastly horns.
You have sharp claws.
You have razor-sharp teeth.
You have supernaturally acute eyesight. (SInv)
You cover ground quickly. (Speed+)
You are covered in fur. (AC +1)
Your paws help you pounce on unaware monsters.
You are incapable of wielding weapons or throwing items.
You cannot wear armour.
You gain extra lives every three experience levels.


Message History

There are monsters nearby!
There are monsters nearby!
Casting: Beastly Appendage (safe; 10% risk of failure)
Confirm with . or Enter, or press ? or * to list all spells.
You grow a pair of large bovine horns.
A kobold and a goblin come into view.
Found a pair of glowing boots.
The kobold shouts!
The goblin shouts!
The jackal closely misses you.
A dart slug comes into view.
A hobgoblin comes into view.
You barely miss the jackal. The jackal barely misses you.
A quokka comes into view.
The jackal completely misses you. The dart slug launches a dart at you.
The slug dart misses you. The jackal bites you.
You scratch the jackal. You bite the jackal.
You kill the jackal!
You scratch the jackal.
The jackal is heavily wounded.
The dart slug launches a dart at you. The slug dart hits you.
The jackal bites you. The jackal barely misses you.
You barely miss the jackal.
The jackal is heavily wounded.
The jackal misses you. The jackal closely misses you.
The dart slug launches a dart at you. The slug dart hits you.
* * * LOW HITPOINT WARNING * * *
Unknown command.
You barely miss the jackal.
Your transformation is almost over.
The jackal barely misses you.
You barely miss the jackal. You headbutt the jackal.
You kill the jackal!
Something unseen breaks down the door.
You scratch the jackal.
You kill the jackal!
You barely miss the jackal. You headbutt the jackal.
The jackal is almost dead.
The jackal bites you.
You die...

'.♣.#..##.###
#...##'##...###
#####.<####...#
♣ #..# ###.## .
#### #..## ♣
##..##.###+ #
####........
###...###....#
#.....h@# .#..
#)..#'#g# ..
#.....gK..w#.#
#.......##..# .
###..... ....
###..# .### #..
.. ... .. ..##
...


You could see a jackal, a hobgoblin, a goblin and a kobold.

Vanquished Creatures
  2 ball pythons (D:1)
  An endoplasm (D:1)
  A giant cockroach (D:1)
  2 goblins (D:1)
  3 jackals (D:1)
  A frilled lizard (D:1)
  3 kobolds (D:1)
  A rat (D:1)
14 creatures vanquished.

Notes
Turn   | Place    | Note
-------+----------+-------------------------------------------
     0 | D:1      | lonewolfV2 the Felid Transmuter began the quest for the
                  | Orb.
     0 | D:1      | Reached XP level 1. HP: 9/9 MP: 4/4
   228 | D:1      | Reached XP level 2. HP: 11/12 MP: 6/6
   393 | D:1      | Slain by a jackal

Illustrated notes

Levels and vault maps discovered:
D:1:      sevenhm_arrival_forest_fort_small_3, layout_basic

Skill      XL: |  1 |
---------------+----+-----
Dodging        | 3 |  3.3
Fighting       | |  1.0
Unarmed Combat | |  3.3
Spellcasting   | |  2.2
Transmutations | |  2.2

Action                     || total
---------------------------++-------
  Melee: Unarmed           ||    29
         Headbutt          ||     5
         Punch             ||     1
         Bite              ||     2
   Cast: Beastly Appendage ||     7
 Armour: Skin              ||     1
  Dodge: Dodged            ||    33
